 Dungeon Crawl Stone Soup version 0.28.0 (webtiles) character file.

Game seed: 12060245479129070939

99871 AmazingTV the Fighter (level 15, -2/138 HPs)
             Began as a Minotaur Fighter on July 24, 2022.
             Was a High Priest of Okawaru.
             Shot with a bolt by a naga sharpshooter (18 damage)
             ... on level 3 of the Snake Pit on July 25, 2022.
             The game lasted 03:49:11 (34456 turns).

AmazingTV the Fighter (Minotaur Fighter)           Turns: 34456, Time: 03:49:11

Health: -2/138     AC: 40    Str: 38    XL:     15   Next: 78%
Magic:  21/21      EV:  7    Int: 16    God:    Okawaru [*****.]
Gold:   3007       SH:  5    Dex: 17    Spells: 14/14 levels left

rFire   . . .      SeeInvis .   a - +11 quarterstaff of Kev Saank {freeze, Str+3, staff}
rCold   . . .      Faith    .   (shield currently unavailable)
rNeg    . . .      Spirit   .   N - +8 orange crystal plate armour {Archmagi, Int+3 Clar, rare=g}
rPois   +          Reflect  +   d - +3 hat of the Iron Devil {Str+5}
rElec   +          Harm     .   W - +2 cloak
rCorr   .          Rampage  .   O - +0 pair of gloves
Will    +....      Archmagi +   w - +0 pair of boots
Stlth   .......... Clarity  +   H - amulet of reflection
HPRegen 0.33/turn               o - +6 ring of dexterity
MPRegen 0.17/turn               M - ring "Kotur" {rElec rPois Str+5 Int+6}

@: hasted, very quick
A: horns 2, retaliatory headbutt
a: Renounce Religion, Heroism, Finesse, Duel


You were on level 3 of the Snake Pit.
You worshipped Okawaru.
Okawaru was extremely pleased with you.
You visited 5 branches of the dungeon, and saw 23 of its levels.
You also visited: Volcano.

You collected 4491 gold pieces.
You spent 1484 gold pieces at shops.


Innate Abilities, Weirdness & Mutations

You have a pair of horns on your head.
You reflexively headbutt those who attack you in melee.


   Skills:
 + Level 14.1 Fighting
 - Level 12.7(15.5) Axes
 - Level 12.3(14.8) Maces & Flails
 + Level 8.0(11.7) Polearms
 - Level 4.2(10.3) Staves
 + Level 8.6(9.1) Slings
 - Level 4.1(6.5) Throwing
 + Level 14.0 Armour
 + Level 11.3 Shields
 + Level 10.2 Invocations
 + Level 6.9 Evocations


You had 14 spell levels left.
You didn't know any spells.
Your spell library contained the following spells:

 Spells                   Type           Power      Damage    Failure   Level
 Shock                    Conj/Air       0%         1d3       94%         1
 Sublimation of Blood     Necr           0%         N/A       98%         2
 Gell's Gravitas          Tloc           0%         N/A       100%        3
 Ignite Poison            Fire/Tmut/Pois 0%         N/A       100%        3
 Inner Flame              Hex/Fire       0%         N/A       100%        3
 Lesser Beckoning         Tloc           0%         N/A       100%        3
 Mephitic Cloud           Conj/Pois/Air  0%         N/A       100%        3
 Ozocubu's Armour         Ice            0%         N/A       100%        3
 Swiftness                Air            0%         N/A       100%        3
 Teleport Other           Tloc           0%         N/A       100%        3
 Airstrike                Air            0%         N/A       100%        4
 Cause Fear               Hex            0%         N/A       100%        4
 Olgreb's Toxic Radiance  Pois           0%         N/A       100%        4
 Petrify                  Tmut/Erth      0%         N/A       100%        4
 Alistair's Intoxication  Tmut/Pois      0%         N/A       100%        5
 Blade Hands              Tmut           0%         N/A       100%        5
 Borgnjor's Vile Clutch   Necr/Erth      0%         N/A       100%        5
 Freezing Cloud           Conj/Ice/Air   0%         6-21      100%        5
 Irradiate                Conj/Tmut      0%         3d14      100%        5
 Metabolic Englaciation   Hex/Ice        0%         N/A       100%        5
 Dispersal                Tloc           0%         N/A       100%        6
 Eringya's Noxious Bog    Tmut/Pois      0%         N/A       100%        6
 Dragon Form              Tmut           0%         N/A       100%        7
 Ozocubu's Refrigeration  Ice            0%         4d5       100%        7
 Discord                  Hex            0%         N/A       100%        8
 Disjunction              Tloc           0%         N/A       100%        8
 Ignition                 Fire           0%         3d3       100%        8
 Polar Vortex             Ice            0%         N/A       100%        9
 Simulacrum               Ice/Necr       Unusable   N/A       N/A         6

Inventory:

Hand Weapons
 a - the +11 quarterstaff of Kev Saank (weapon) {freeze, Str+3, staff}
   (Okawaru gifted it to you on level 1 of the Orcish Mines)

   It freezes those it strikes, dealing additional cold damage.
   It can also slow down cold-blooded creatures.
   Str:       It affects your strength (+3).
 b - a +1 hunting sling {sling}
   (You found it on level 2 of the Dungeon)
 c - a +6 dire flail of protection {mace}
   (You took it off Saint Roka on level 2 of the Orcish Mines)
 h - a +1 flail of holy wrath {mace}
   (You took it off a molten gargoyle on level 6 of the Lair of Beasts)
 q - a +2 shortbow of flaming {bow}
   (You took it off a deep elf archer in a volcano)
 s - a +2 demon trident of electrocution {polearm}
   (Okawaru gifted it to you on level 3 of the Lair of Beasts)
 J - a +3 mace of venom {mace}
   (You found it on level 2 of the Orcish Mines)
 L - a +1 battleaxe of venom {axe}
   (You took it off a naga sharpshooter on level 2 of the Snake Pit)
Missiles
 f - 24 poisoned darts
 g - 174 bolts
 j - 403 stones
 l - 5 atropa-tipped darts (quivered)
 m - 569 arrows
 x - 4 throwing nets {=f!f}
 G - 99 sling bullets
 T - 10 curare-tipped darts {=f}
Armour
 d - the +3 hat of the Iron Devil (worn) {Str+5}
   (Okawaru gifted it to you on level 11 of the Dungeon)

   Str:       It affects your strength (+5).
 k - a +2 hat of willpower
   (Okawaru gifted it to you on level 5 of the Lair of Beasts)
 v - the +1 ring mail of Fortitude {rF- rC+ rN+++ rCorr}
   (Okawaru gifted it to you on level 1 of the Orcish Mines)

   rF:        It makes you vulnerable to fire.
   rC:        It protects you from cold.
   rN:        It renders you almost immune to negative energy.
   rCorr:     It protects you from acid and corrosion.
 w - a +0 pair of boots (worn)
   (You found it on level 3 of the Lair of Beasts)
 F - the +1 chain mail of Ziass {*Slow rF+ rC++ Str+3}
   (You found it on level 1 of the Lair of Beasts)

   Str:       It affects your strength (+3).
   rF:        It protects you from fire.
   rC:        It greatly protects you from cold.
   *Slow:     It may slow you when you take damage.
 N - the +8 orange crystal plate armour (worn) {Archmagi, Int+3 Clar, rare=g}
   (You acquired it on level 7 of the Dungeon)

   Int:       It affects your intelligence (+3).
   Clar:      It protects you against confusion.
 O - a +0 pair of gloves (worn)
   (You found it on level 8 of the Dungeon)
 Q - a +0 buckler
 W - a +2 cloak (worn)
   (You found it on level 9 of the Dungeon)
Jewellery
 e - the amulet "Xoypu" {Faith Will+++ Str+3 Dex-4}
   (You acquired it on level 9 of the Dungeon)

   [amulet of faith]

   It allows you to gain divine favour quickly.
   Str:       It affects your strength (+3).
   Dex:       It affects your dexterity (-4).
   Will:      It greatly increases your willpower.
 o - a +6 ring of dexterity (left hand)
   (You found it on level 1 of the Dungeon)
 H - an amulet of reflection (around neck)
   (You found it on level 4 of the Dungeon)
 M - the ring "Kotur" (right hand) {rElec rPois Str+5 Int+6}
   (You bought it in a shop on level 2 of the Dungeon)

   [ring of intelligence]

   Str:       It affects your strength (+5).
   Int:       It affects your intelligence (+6).
   rElec:     It insulates you from electricity.
   rPois:     It protects you from poison.
Wands
 u - a wand of digging (12)
   (You took it off Jessica on level 2 of the Dungeon)
 K - a wand of iceblast (13)
   (You found it on level 4 of the Dungeon)
 P - a wand of mindburst (12)
   (You found it on level 8 of the Dungeon)
 V - a wand of acid (5)
   (You found it on level 9 of the Dungeon)
 X - a wand of flame (6)
   (You found it on level 5 of the Lair of Beasts)
Scrolls
 i - 2 scrolls of fog
 y - a scroll of holy word
 A - a scroll of magic mapping {!r}
 B - a scroll of identify {@r1}
 I - 3 scrolls of teleportation {@r4}
 U - 8 scrolls of fear
 Y - a scroll of enchant armour
 Z - a scroll of torment {!r}
Potions
 n - 4 potions of curing {@q1}
 p - a potion of berserk rage {unknown}
 r - a potion of brilliance
 z - a potion of cancellation
 C - 4 potions of haste {@q3}
 D - 4 potions of flight
 E - 3 potions of resistance
 R - 3 potions of mutation {!q}
 S - a potion of invisibility {unknown}

Dungeon Overview and Level Annotations

Branches:
Dungeon (11/15)            Temple (1/1) D:7            Lair (6/6) D:11
 Shoals (0/4) Lair:2        Snake (3/4) Lair:4        Slime (0/5) Lair:5
    Orc (2/2) D:11            Elf (0/3) Orc:2       Volcano (visited)

Altars:
Ashenzari
Cheibriados
Dithmenos
Elyvilon
Fedhas
Gozag
Hepliaklqana
Kikubaaqudgha
Makhleb
Nemelex Xobeh
Okawaru
Qazlal
Ru
Sif Muna
Trog
Uskayaw
Vehumet
Wu Jian
Xom
Yredelemnul
Zin
The Shining One
Beogh

Shops:
D:2 [=   D:3 (   D:5 [*   D:6 *   D:7 *   D:8 [   Orc:2 *([!

Annotations:
D:5 2 transporters, Skilfsilihog's ghost, amateur MiFi
D:9 1 runed translucent door, Dorkslayer's ghost, journeyman HOFi
D:11 3 runed translucent doors, Ballistic's ghost, journeyman MiFi
Lair:5 exclusion: 2 oklob plants
Lair:6 2 runed translucent doors

... #..##......... ...
#....#..#.### #.#
##.#.#....# #..#
#...#<..##
).###..####....(.#
#....#..###....(.#####
#.....NN..........##
###...N(#.........##
####.@##((((.รท......##
#.....###".(..........
#...###.#
#......)....[. #.#
#.####............ #.
#.##......#.<.....
#....#.####.......
###....# #.......
#...## #...[... #...#
##......


You could see 3 naga sharpshooters.


Message History

๐Ÿ˜ฎ HP[-15]
You take 15 damage, and now have 77/138 hp.
Fire: 105 sling bullets
Press: ? - help, Q - select action, (/) - cycle Shift-Dir - straight line, f/p - naga sharpshooter
Aim: a naga sharpshooter, wielding a +0 arbalest and quivering bolts (almost dead, 71% to hit)
You shoot a sling bullet.
The sling bullet barely misses the naga sharpshooter.
The sling bullet hits the naga sharpshooter but does no damage.
You feel sick. The naga spits poison at you.
The splash of poison hits you but does no damage.
You resist.
Fire: 104 sling bullets
Press: ? - help, Q - select action, (/) - cycle Shift-Dir - straight line, f - naga sharpshooter
Aim: a naga sharpshooter, wielding a +0 arbalest and quivering bolts (71% to hit)
You shoot a sling bullet.
The sling bullet closely misses the naga sharpshooter.
The sling bullet barely misses the naga sharpshooter.
You feel sick.
The naga sharpshooter shoots a bolt.
The bolt hits you. ๐Ÿ˜ฎ HP[-6]
You take 6 damage, and now have 71/138 hp.
Fire: 103 sling bullets
Press: ? - help, Q - select action, (/) - cycle Shift-Dir - straight line, f/p - naga sharpshooter
Aim: a naga sharpshooter, wielding a +0 arbalest and quivering bolts (71% to hit)
You shoot a sling bullet.
The sling bullet hits the naga sharpshooter!
Fire: 102 sling bullets
Press: ? - help, Q - select action, (/) - cycle Shift-Dir - straight line, f/p - naga sharpshooter
Aim: a naga sharpshooter, wielding a +0 arbalest and quivering bolts (71% to hit)
You shoot a sling bullet.
The sling bullet barely misses the naga sharpshooter.
The sling bullet barely misses the naga sharpshooter.
You feel sick.
You are no longer poisoned.
The naga sharpshooter casts a spell.
The naga sharpshooter magically shoots a bolt.
The bolt hits you but does no damage. ๐Ÿ˜ฎ HP[-1]
You take 1 damage, and now have 70/138 hp.
Fire: 101 sling bullets
Press: ? - help, Q - select action, (/) - cycle Shift-Dir - straight line, f/p - naga sharpshooter
Aim: a naga sharpshooter, wielding a +0 arbalest and quivering bolts (71% to hit)
You shoot a sling bullet.
The sling bullet hits the naga sharpshooter!
You kill the naga sharpshooter!
Okawaru accepts your kill.
Fire: 100 sling bullets
Press: ? - help, Q - select action, (/) - cycle Shift-Dir - straight line, f/p - naga sharpshooter
Aim: a naga sharpshooter, wielding a +0 arbalest and quivering bolts (71% to hit)
You shoot a sling bullet.
The sling bullet hits the naga sharpshooter. ๐Ÿ˜ฎ HP[+1]
You feel stronger.
The +11 quarterstaff of Kev Saank {freeze, Str+3, staff} glows with a cold blue light!
a - the +11 quarterstaff of Kev Saank (weapon)
{freeze, Str+3, staff} The naga sharpshooter gestures wildly while chanting.
You sock the naga sharpshooter! You freeze the naga sharpshooter.
The naga sharpshooter spits poison at you.
The splash of poison hits you but does no damage.
You resist.
You closely miss the naga sharpshooter.
Your headbutt misses the naga sharpshooter.
The naga sharpshooter shoots a bolt.
You reflect the bolt off an invisible shield around you!
The bolt hits the naga sharpshooter! ๐Ÿ˜ฎ HP[+1]
You bludgeon the naga sharpshooter!! You freeze the naga sharpshooter!
You headbutt the naga sharpshooter.
The naga sharpshooter shoots a bolt.
The bolt hits you!
* * * LOW HITPOINT WARNING * * *
The naga sharpshooter shoots a bolt.
The bolt hits you!
* * * LOW HITPOINT WARNING * * *
The naga sharpshooter shoots a bolt.
The bolt hits you!
* * * LOW HITPOINT WARNING * * *
๐Ÿ˜จ HP[-26]
You take 26 damage, and now have 46/138 hp.
You barely miss the naga sharpshooter. You headbutt the naga sharpshooter.
The naga sharpshooter shoots a bolt.
The bolt hits you!!
* * * LOW HITPOINT WARNING * * *
The naga sharpshooter spits poison at you.
The splash of poison hits you. You resist.
* * * LOW HITPOINT WARNING * * *
๐Ÿ˜ฑ HP[-21]
You take 21 damage, and now have 25/138 hp.
The naga sharpshooter shoots a bolt.
The bolt hits you but does no damage.
The naga sharpshooter mumbles some strange words.
The naga sharpshooter magically shoots a bolt.
The bolt hits you!
* * * LOW HITPOINT WARNING * * *
The naga sharpshooter casts a spell.
The naga sharpshooter magically shoots a bolt.
The bolt hits you but does no damage. ๐Ÿ˜ฑ HP[-9]
You take 9 damage, and now have 16/138 hp.
You feel yourself speed up.
The naga sharpshooter shoots a bolt.
The bolt barely misses you.
The naga sharpshooter gestures wildly while chanting.
The naga sharpshooter magically shoots a bolt.
The bolt hits you!!
You die...

Skill      XL: |  1  2  3  4  5  6  7  8  9 10 11 12 13 14 15 |
---------------+----------------------------------------------+-----
Fighting       | 4 5 6 7 8 9 11 12 13 14 | 14.1
Maces & Flails | 3 4 5 6 7 8 9 10 11 12 | 12.3
Slings         | 1 2 3 4 5 6 7 8 |  8.6
Armour         | 4 5 6 7 8 9 11 12 13 14 | 14.0
Shields        | 4 5 6 7 8 9 10 11 | 11.3
Axes           | 1 3 5 6 7 9 10 12 | 12.7
Invocations    | 2 3 5 6 8 9 10 | 10.2
Polearms       | 3 4 6 7 8 |  8.0
Staves         | 3 4 |  4.2
Throwing       | 3 4 |  4.1
Evocations     | 1 4 6 |  6.9

Action                   |  1- 3 |  4- 6 |  7- 9 | 10-12 | 13-15 || total
-------------------------+-------+-------+-------+-------+-------++-------
Melee: Flail             |    50 |    65 |   203 |   532 |    17 ||   867
       Headbutt          |     6 |    12 |    53 |   112 |   221 ||   404
       Demon trident     |       |       |       |       |   743 ||   743
       Quarterstaff      |       |       |       |       |   191 ||   191
       Mace              |       |       |       |       |   106 ||   106
 Fire: Hunting sling     |       |    51 |   138 |   246 |   350 ||   785
Throw: Stone             |       |     5 |       |       |       ||     5
       Dart              |       |       |       |    24 |    19 ||    43
Invok: Heroism           |       |       |       |     3 |     5 ||     8
       Finesse           |       |       |       |     4 |    10 ||    14
       Duel              |       |       |       |     1 |       ||     1
Evoke: Wand              |       |       |       |     1 |    10 ||    11
  Use: Scroll            |       |       |    14 |     9 |    15 ||    38
       Potion            |       |       |       |     2 |    12 ||    14
 Stab: Invisible         |       |       |       |     1 |       ||     1
       Petrified         |       |       |       |       |    11 ||    11
       Petrifying        |       |       |       |       |     2 ||     2
Armor: Scale mail        |    16 |    23 |    39 |       |       ||    78
       Crystal plate arm |       |       |    22 |   302 |   862 ||  1186
       Steam dragon scal |       |       |    16 |       |       ||    16
       Chain mail        |       |       |       |    37 |       ||    37
Dodge: Dodged            |    22 |    36 |    49 |   130 |   288 ||   525
Block: Buckler           |     6 |    22 |    92 |   332 |   544 ||   996
       Reflection        |       |       |     1 |    16 |    76 ||    93
       Other             |       |       |       |       |    57 ||    57

Levels and vault maps discovered:
D:1:      dpeg_arrival_more_subterranean_lakeside_camping, layout_basic,
          serial_bayou_crossing
D:2:      kennysheep_big_flooded_room, layout_basic, serial_shops,
          nicolae_lakefront_shop, nicolae_lakefront_shop, uniq_natasha,
          uniq_jessica
D:3:      layout_rooms, basic_ecumenical_altar, serial_shops,
          nicolae_shop_advertising_works [nicolae_subvault_shop_adworks],
          minmay_ruptured
D:4:      layout_rooms, uniq_grinder
D:5:      layout_loops_cross, kennysheep_mini, serial_shops,
          nicolae_shop_hallway_stairs, gammafunk_ghost_hive,
          chequers_serial_rivers_room_a, nicolae_specific_store,
          kennysheep_doodads, kennysheep_dice
D:6:      layout_gridville, serial_shops, shop, minivault_19, solitary_fountain
D:7:      layout_gridville, minmay_temple_entry_grid, serial_shops,
          nicolae_shop_hallway_plus
D:8:      layout_cave_pods, mainiacjoe_overflow_paths,
          mainiacjoe_overflow_catwalk, serial_shops, nicolae_shop_trees
D:9:      layout_layer_cave, nicolae_vehumet_altar_sigil, grunt_gozag_statues,
          amcnicky_altar_gilded, hellmonk_ghost_happy_afterlife, hex_tiny,
          kennysheep_path_1, grunt_tough_drop, uniq_prince_ribbit1
D:10:     layout_loops_corners, lemuel_round_altar, uniq_maggie
D:11:     layout_loops_corners, due_lair_maze_entry_diamond,
          gammafunk_ghost_split, uniq_nergalle, uniq_snorg
Temple:   eino_wide_crystal_templ
Lair:1:   layout_hall_layers, uniq_joseph
Lair:2:   layout_loops_ring, minmay_shoals_entry_beasts, enter_volcano_1,
          grunt_megastairs_5, lemuel_fruit_fields, uniq_sonja
Lair:3:   layout_small_grid
Lair:4:   layout_gridlike, guppyfry_snake_entry_island, hibernation_bobbens
Lair:5:   nzn_winding_woodlands_stair_trap [nzn_winding_woodlands_5x15_parted,
          nzn_winding_woodlands_5x15_pathside_ponds,
          nzn_winding_woodlands_5x15_pool,
          nzn_winding_woodlands_15x15_thick_spiral,
          nzn_winding_woodlands_5x15_lazy_stream,
          nzn_winding_woodlands_5x15_default,
          nzn_winding_woodlands_5x15_crooked], layout_hall_layers,
          minmay_slime_entry_oklob_enclosed, chequers_serial_rivers_room_a,
          beast_lair_carwin_3
Lair:6:   cheibrodos_lair_end_hotspot, layout_regular_city, st_stairs_4,
          chequers_serial_rivers_micro_c, lemuel_centaur_altar,
          lemuel_fruit_fields
Snake:1:  layout_chambers, basic_altar
Snake:2:  layout_layer_cave, uniq_vashnia
Snake:3:  layout_rooms, nicolae_snake_springs
Orc:1:    layout_caves, uniq_erica
Orc:2:    grunt_orc_community_town_hall, layout_diamond_mine,
          grunt_orc_community_big_house_2, grunt_orc_community_big_house_2,
          grunt_orc_community_house_3, grunt_orc_community_house_3,
          grunt_orc_community_house_1, grunt_orc_community_house_1,
          ebering_ghost_reflecting_pool

Notes
Turn   | Place    | Note
-------+----------+-------------------------------------------
     0 | D:1      | AmazingTV the Minotaur Fighter began the quest for the Orb.
     0 | D:1      | Reached XP level 1. HP: 19/19 MP: 0/0
     0 | D:1      | magus.rc [v1.9.6]
   265 | D:1      | Reached XP level 2. HP: 27/27 MP: 1/1
  1015 | D:2      | Noticed Natasha
  1021 | D:2      | Killed Natasha
  1022 | D:2      | Reached skill level 4 in Fighting
  1022 | D:2      | Reached skill level 3 in Maces & Flails
  1022 | D:2      | Reached skill level 1 in Slings
  1022 | D:2      | Reached skill level 4 in Armour
  1022 | D:2      | Reached skill level 4 in Shields
  1022 | D:2      | Reached XP level 3. HP: 12/33 MP: 2/2
  1109 | D:2      | Noticed Natasha
  1244 | D:2      | HP: 4/33 [Natasha (5)]
  1246 | D:2      | Killed Natasha
  1247 | D:2      | Reached XP level 4. HP: 6/40 MP: 3/3
  1712 | D:2      | Found Tooxusch's Jewellery Boutique.
  1835 | D:2      | Found Muecw's Antique Armour Shop.
  1882 | D:2      | Noticed Jessica
  1883 | D:2      | Killed Jessica
  1921 | D:2      | Noticed Natasha
  1928 | D:2      | Killed Natasha
  1929 | D:2      | Reached skill level 2 in Slings
  1929 | D:2      | Reached XP level 5. HP: 45/47 MP: 4/4
  2522 | D:3      | You pick up a book of Winter and begin reading...
  2522 | D:3      | You add the spells Ozocubu's Armour, Metabolic Englaciation
                  | and Simulacrum to your library.
  2528 | D:3      | Found Ygef's Weapon Boutique.
  3084 | D:3      | Found a faded altar of an unknown god.
  3201 | D:3      | Reached skill level 4 in Maces & Flails
  3352 | D:4      | Reached XP level 6. HP: 55/55 MP: 5/5
  3360 | D:4      | Reached skill level 5 in Fighting
  3360 | D:4      | Reached skill level 5 in Armour
  3360 | D:4      | Reached skill level 5 in Shields
  3464 | D:4      | Noticed an ice beast
  3478 | D:4      | HP: 11/56 [ice beast (7)]
  3479 | D:4      | Killed an ice beast
  3480 | D:4      | Reached skill level 3 in Slings
  3755 | D:3      | Reached XP level 7. HP: 39/61 MP: 6/6
  4152 | D:4      | Noticed Grinder
  4160 | D:4      | Paralysed by Grinder for 5 turns
  4171 | D:4      | Killed Grinder
  4172 | D:4      | Reached skill level 5 in Maces & Flails
  4549 | D:4      | Reached skill level 4 in Slings
  4639 | D:5      | Entered Level 5 of the Dungeon
  4707 | D:5      | Reached skill level 6 in Armour
  4782 | D:5      | Noticed Skilfsilihog's ghost (amateur MiFi)
  4793 | D:5      | Found a transporter.
  4797 | D:5      | Found a transporter.
  4884 | D:5      | Reached skill level 6 in Fighting
  4884 | D:5      | Reached skill level 1 in Axes
  4884 | D:5      | Reached skill level 6 in Shields
  4984 | D:5      | You add the spells Ignite Poison, Mephitic Cloud and
                  | Freezing Cloud to your library.
  5007 | D:5      | Reached XP level 8. HP: 65/70 MP: 7/7
  5081 | D:5      | Found Mogiruki's Armour Shop.
  5097 | D:5      | Found Muathren's Specific Store.
  5099 | D:5      | Found Hyese's General Store.
  5103 | D:5      | You pick up a book of Ice and begin reading...
  5106 | D:5      | Bought a scroll of identify for 20 gold pieces
  5110 | D:5      | Bought a potion of curing for 36 gold pieces
  5110 | D:5      | Identified 4 scrolls of acquirement
  5120 | D:5      | Acquired 1224 gold pieces
  5233 | D:2      | Bought the ring "Kotur" {rElec rPois Str+5 Int+6} for 1220
                  | gold pieces
  5322 | D:5      | Found a white marble altar of Elyvilon.
  5575 | D:5      | Reached skill level 2 in Axes
  5584 | D:5      | HP: 16/71 [ogre (12)]
  5854 | D:5      | magus.rc [v1.9.6]
  6447 | D:6      | Reached skill level 6 in Maces & Flails
  6554 | D:6      | Reached skill level 5 in Slings
  6610 | D:6      | Reached skill level 3 in Axes
  6835 | D:6      | Noticed a hornet
  6850 | D:6      | Killed a hornet
  6851 | D:6      | Reached skill level 7 in Fighting
  6851 | D:6      | Reached skill level 7 in Armour
  6851 | D:6      | Reached skill level 7 in Shields
  6851 | D:6      | Reached XP level 9. HP: 55/79 MP: 8/8
  7222 | D:6      | Found Wisaed's General Store.
  7754 | D:6      | Reached skill level 4 in Axes
  8033 | D:7      | Found a staircase to the Ecumenical Temple.
  8069 | Temple   | Entered the Ecumenical Temple
  8116 | Temple   | Became a worshipper of Warmaster Okawaru
  8388 | D:7      | Found Keic's Assorted Antiques.
  8406 | D:7      | Reached skill level 7 in Maces & Flails
  8442 | D:7      | Acquired the +8 orange crystal plate armour {Archmagi,
                  | Int+3 Clar}
  8442 | D:7      | Found the +8 orange crystal plate armour {Archmagi, Int+3
                  | Clar, rare=g}
  8564 | D:8      | Reached skill level 6 in Slings
  8619 | D:8      | Found a glowing golden altar of the Shining One.
  8702 | D:8      | Reached skill level 1 in Invocations
  8718 | D:8      | Reached * piety under Okawaru
  8719 | D:8      | Reached skill level 5 in Axes
  8734 | D:8      | Reached skill level 8 in Fighting
  8734 | D:8      | Reached skill level 8 in Shields
  8738 | D:8      | Reached skill level 8 in Armour
  8789 | D:8      | Reached skill level 2 in Invocations
  8789 | D:8      | Reached XP level 10. HP: 79/88 MP: 10/10
  8789 | D:8      | magus.rc [v1.9.6]
  8864 | D:8      | Found a snail-covered altar of Cheibriados.
  9133 | D:8      | Found Ovuxust's Armour Boutique.
  9259 | D:8      | Noticed a two-headed ogre
  9272 | D:8      | Killed a two-headed ogre
  9272 | D:8      | Reached ** piety under Okawaru
  9273 | D:8      | Reached skill level 1 in Polearms
  9273 | D:8      | Reached skill level 1 in Staves
  9515 | D:8      | You pick up a book of Hexes and begin reading...
  9515 | D:8      | You add the spells Inner Flame, Cause Fear and Discord to
                  | your library.
  9878 | D:8      | Noticed an orange demon
  9883 | D:8      | Noticed a sun demon
  9884 | D:8      | Reached skill level 2 in Polearms
  9884 | D:8      | Reached skill level 2 in Staves
 10098 | D:9      | Found a shimmering blue altar of Sif Muna.
 10109 | D:9      | Reached *** piety under Okawaru
 10114 | D:9      | Reached skill level 8 in Maces & Flails
 10217 | D:9      | Found an opulent altar of Gozag.
 10245 | D:9      | Reached skill level 6 in Axes
 10247 | D:9      | Reached skill level 3 in Invocations
 10249 | D:9      | Reached skill level 7 in Slings
 10362 | D:9      | Noticed Dorkslayer's ghost (journeyman HOFi)
 10706 | D:9      | Found a runed translucent door.
 10733 | D:9      | Noticed Prince Ribbit
 10747 | D:9      | Reached skill level 3 in Staves
 10750 | D:9      | Killed Prince Ribbit
 10751 | D:9      | Reached skill level 3 in Polearms
 10970 | D:9      | Noticed a two-headed ogre
 10971 | D:9      | Noticed a red ugly thing
 10972 | D:9      | Noticed a tengu warrior
 10987 | D:9      | Noticed a cyclops
 11005 | D:9      | Reached **** piety under Okawaru
 11039 | D:9      | Killed a tengu warrior
 11040 | D:9      | Reached skill level 9 in Fighting
 11040 | D:9      | Reached skill level 9 in Shields
 11040 | D:9      | Reached XP level 11. HP: 48/97 MP: 12/12
 11247 | D:9      | Killed a two-headed ogre
 11386 | D:9      | Found a radiant altar of Vehumet.
 12002 | D:10     | Entered Level 10 of the Dungeon
 12090 | D:10     | Identified the +3 quarterstaff of Pyromania {drain, rPois
                  | Str+9}
 12170 | D:10     | Reached skill level 9 in Armour
 12268 | D:10     | Noticed Maggie
 12276 | D:10     | Killed Maggie
 12329 | D:10     | Found a blossoming altar of Fedhas.
 12495 | D:10     | Reached skill level 1 in Throwing
 12645 | D:10     | Noticed a two-headed ogre
 12658 | D:10     | Killed a two-headed ogre
 12658 | D:10     | Reached ***** piety under Okawaru
 12659 | D:10     | Reached skill level 4 in Polearms
 12659 | D:10     | Reached skill level 4 in Staves
 12659 | D:10     | Reached skill level 4 in Invocations
 12877 | D:10     | Received a gift from Okawaru
 13315 | D:11     | Noticed a five-headed hydra
 13326 | D:11     | Killed a five-headed hydra
 13327 | D:11     | Reached skill level 7 in Axes
 13363 | D:11     | Noticed a two-headed ogre
 13369 | D:11     | Killed a two-headed ogre
 13370 | D:11     | Reached skill level 9 in Maces & Flails
 13370 | D:11     | Reached skill level 2 in Throwing
 13697 | D:11     | Found a staircase to the Lair.
 13734 | D:11     | Identified the +3 hat of the Iron Devil {Str+5} (Okawaru
                  | gifted it to you on level 11 of the Dungeon)
 13734 | D:11     | Received a gift from Okawaru
 13992 | D:11     | Found a runed translucent gate.
 13998 | D:11     | Found a runed translucent gate.
 14007 | D:11     | Noticed Ballistic's ghost (journeyman MiFi)
 14009 | D:11     | Found a runed translucent gate.
 14101 | D:11     | Found a staircase to the Orcish Mines.
 14115 | D:11     | Noticed Snorg
 14121 | Arena    | Entered the Arena
 14133 | Arena    | Killed Snorg
 14317 | D:11     | Noticed a storm dragon
 14390 | D:11     | Noticed Nergalle
 14405 | D:11     | Killed Nergalle
 14406 | D:11     | Reached skill level 3 in Throwing
 14406 | D:11     | Reached skill level 5 in Invocations
 14436 | D:11     | Reached XP level 12. HP: 106/106 MP: 14/14
 14763 | Lair:1   | Entered Level 1 of the Lair of Beasts
 14770 | Lair:1   | Reached skill level 10 in Fighting
 14792 | Lair:1   | Noticed Joseph
 14800 | Lair:1   | Killed Joseph
 14801 | Lair:1   | Reached skill level 10 in Shields
 15128 | Lair:1   | Identified the +1 chain mail of Ziass {*Slow rF+ rC++
                  | Str+3}
 15134 | Lair:1   | You pick up a book of Transfigurations and begin reading...
 15134 | Lair:1   | You add the spells Irradiate, Blade Hands and Dragon Form
                  | to your library.
 15290 | Lair:1   | Reached skill level 8 in Axes
 15290 | Lair:1   | Reached skill level 10 in Armour
 15330 | Lair:1   | Identified the +5 ring mail "Keimur" {Int+4}
 15514 | Lair:1   | Acquired the amulet "Xoypu" {Faith Will+++ Str+3 Dex-4}
 15529 | Lair:2   | Noticed Sonja
 15537 | Lair:1   | Killed Sonja
 15611 | Lair:2   | Found a dark tunnel.
 15641 | Lair:2   | Reached skill level 4 in Throwing
 15658 | Lair:2   | Reached skill level 10 in Maces & Flails
 15793 | Volcano  | Entered a volcano
 15975 | Volcano  | Received a gift from Okawaru
 15979 | Volcano  | Reached skill level 6 in Invocations
 16097 | Volcano  | Reached skill level 9 in Axes
 16280 | Volcano  | Reached skill level 11 in Fighting
 16287 | Volcano  | Received a gift from Okawaru
 16288 | Volcano  | Reached skill level 11 in Armour
 16454 | Lair:2   | Found a staircase to the Shoals.
 17293 | Lair:2   | Reached skill level 1 in Evocations
 17370 | Lair:3   | Reached XP level 13. HP: 89/116 MP: 17/17
 17492 | Lair:3   | You pick up a book of Displacement and begin reading...
 17492 | Lair:3   | You add the spells Lesser Beckoning, Gell's Gravitas and
                  | Teleport Other to your library.
 17675 | Lair:3   | Received a gift from Okawaru
 17676 | Lair:3   | Reached skill level 11 in Maces & Flails
 17930 | Lair:3   | Reached skill level 7 in Invocations
 17944 | Lair:3   | You pick up a book of the Warp and begin reading...
 17944 | Lair:3   | You add the spells Dispersal and Disjunction to your
                  | library.
 18051 | Lair:3   | You pick up a book of Air and begin reading...
 18051 | Lair:3   | You add the spells Shock, Swiftness and Airstrike to your
                  | library.
 18736 | Lair:4   | Found a staircase to the Snake Pit.
 18825 | Lair:4   | You add the spells Olgreb's Toxic Radiance, Ozocubu's
                  | Refrigeration and Ignition to your library.
 18846 | Lair:4   | You add the spells Alistair's Intoxication, Borgnjor's Vile
                  | Clutch and Eringya's Noxious Bog to your library.
 18996 | Lair:4   | Reached skill level 2 in Evocations
 19469 | Lair:5   | You fall into a shaft and drop 1 floor!
 19469 | Lair:6   | Entered Level 6 of the Lair of Beasts
 19509 | Lair:5   | Reached skill level 10 in Axes
 19964 | Lair:5   | Reached skill level 3 in Evocations
 20095 | Lair:5   | Identified the +2 leather armour of Lugonu's Castigation
                  | {Rampage}
 20245 | Lair:5   | Reached skill level 5 in Polearms
 20337 | Lair:5   | Found a staircase to the Slime Pits.
 20625 | Lair:5   | Reached skill level 12 in Fighting
 20958 | Lair:5   | Reached skill level 12 in Armour
 20964 | Lair:5   | Received a gift from Okawaru
 21065 | Lair:6   | Reached skill level 8 in Invocations
 21068 | Lair:6   | Reached skill level 6 in Polearms
 21085 | Lair:6   | Reached skill level 4 in Evocations
 21653 | Lair:6   | Reached XP level 14. HP: 127/127 MP: 19/19
 21695 | Lair:6   | Found a large runed translucent door.
 21695 | Lair:6   | Found a large runed translucent door.
 22047 | Lair:6   | Reached skill level 11 in Axes
 22314 | Lair:6   | You pick up a book of Alchemy and begin reading...
 22314 | Lair:6   | You add the spells Sublimation of Blood and Petrify to your
                  | library.
 22412 | Lair:6   | Reached ****** piety under Okawaru
 23183 | Lair:6   | Reached skill level 7 in Polearms
 23259 | Lair:6   | Found a hide-covered altar of Uskayaw.
 23522 | Orc:1    | Entered Level 1 of the Orcish Mines
 23553 | Orc:1    | Identified the +11 quarterstaff of Kev Saank {freeze,
                  | Str+3} (Okawaru gifted it to you on level 1 of the Orcish
                  | Mines)
 23553 | Orc:1    | Received a gift from Okawaru
 23657 | Orc:2    | Entered Level 2 of the Orcish Mines
 23838 | Orc:2    | Reached skill level 5 in Evocations
 23855 | Orc:2    | Found a staircase to the Elven Halls.
 23924 | Orc:2    | Found Wonioq's Assorted Antiques.
 24141 | Orc:2    | Paralysed by an orc sorcerer for 3 turns
 24428 | Orc:2    | Noticed Saint Roka
 24471 | Orc:1    | Noticed Erica
 24479 | Orc:2    | HP: 31/127 [Saint Roka/divine providence (12)]
 24865 | Orc:2    | Reached skill level 13 in Fighting
 24872 | Orc:2    | Killed Erica
 24873 | Orc:2    | Reached skill level 9 in Invocations
 24940 | Orc:2    | Found a runed translucent door.
 25219 | Orc:2    | HP: 32/129 [Saint Roka/divine providence (17)]
 25224 | Orc:2    | HP: 10/129 [Saint Roka/divine providence (12)]
 25226 | Orc:2    | Killed Saint Roka
 25227 | Orc:2    | Reached skill level 13 in Armour
 25585 | Orc:2    | Found Sucza's Antique Weapon Emporium.
 25596 | Orc:2    | Found Pautercho's Antique Armour Shoppe.
 25873 | Orc:2    | Found Cueh's Distillery.
 25906 | Orc:2    | Bought a potion of heal wounds for 65 gold pieces
 25906 | Orc:2    | Bought a potion of cancellation for 104 gold pieces
 25906 | Orc:2    | Bought a potion of curing for 39 gold pieces
 25926 | Orc:2    | Noticed random595's ghost (journeyman DECj)
 25940 | Orc:2    | Killed random595's ghost
 26217 | Orc:1    | Identified the +1 ring mail of Fortitude {rF- rC+ rN+++
                  | rCorr} (Okawaru gifted it to you on level 1 of the Orcish
                  | Mines)
 26217 | Orc:1    | Received a gift from Okawaru
 27129 | Snake:1  | Entered Level 1 of the Snake Pit
 27524 | Snake:1  | Reached skill level 12 in Axes
 27732 | Snake:1  | Reached skill level 6 in Evocations
 28265 | Snake:1  | Found a shadowy altar of Dithmenos.
 28887 | Snake:2  | Reached XP level 15. HP: 124/136 MP: 21/21
 29118 | Snake:2  | Noticed Vashnia
 29121 | Snake:2  | Noticed a nagaraja
 29240 | Snake:1  | HP: 34/136 [poisoned by a black mamba]
 29603 | Snake:1  | HP: 34/136 [constriction (2)]
 29605 | Snake:1  | Killed a nagaraja
 29608 | Snake:1  | HP: 32/136 [black mamba (2)]
 30227 | Snake:2  | Reached skill level 12 in Maces & Flails
 30231 | Snake:2  | HP: 21/137 [naga (25)]
 30236 | Snake:1  | HP: 10/137 [poisoned by a naga]
 30678 | Snake:1  | Reached skill level 8 in Slings
 31166 | Snake:2  | HP: 32/137 [naga sharpshooter/bolt[Vashnia] (14)]
 31167 | Snake:2  | HP: 15/137 [Vashnia/arrow (6)]
 31167 | Snake:2  | Noticed a nagaraja
 31167 | Snake:2  | HP: 4/137 [naga (11)]
 31507 | Snake:1  | Acquired 1110 gold pieces
 31616 | Snake:2  | HP: 34/137 [naga ritualist (15)]
 31621 | Snake:2  | HP: 27/137 [poisoned by Vashnia (splash of poison)]
 31994 | Snake:2  | Received a gift from Okawaru
 32125 | Snake:2  | Reached skill level 10 in Invocations
 32337 | Snake:2  | HP: 20/137 [Vashnia/arrow (21)]
 32791 | Snake:2  | Reached skill level 11 in Shields
 32874 | Snake:2  | Received a gift from Okawaru
 33243 | Snake:2  | Killed a nagaraja
 33577 | Snake:2  | Reached skill level 14 in Fighting
 33630 | Snake:2  | Killed Vashnia
 33835 | Snake:3  | Found the amulet of the Air {Inacc Air Fly rElec RMsl}
 33897 | Snake:2  | HP: 32/138 [poisoned by a black mamba]
 33902 | Snake:2  | HP: 24/138 [poisoned by a black mamba]
 33907 | Snake:2  | HP: 18/138 [black mamba (6)]
 34292 | Snake:3  | Reached skill level 14 in Armour
 34401 | Snake:3  | Reached skill level 8 in Polearms
 34454 | Snake:3  | HP: 27/138 [naga sharpshooter/bolt (19)]
 34456 | Snake:3  | Shot with a bolt by a naga sharpshooter

Vanquished Creatures
  Saint Roka (Orc:2)
  Vashnia (Snake:2)
  2 nagarajas
  The ghost of random595 the Thaumaturge, a journeyman DECj of Vehumet (Orc:2)
  Snorg (Arena)
  An ettin (Orc:1)
  7 hydras
  3 naga warriors
  2 catoblepae (Lair:6)
  4 two-headed ogres
  3 anacondas
  Erica (Orc:2)
  An orc high priest (Orc:2)
  A tengu warrior (D:9)
  3 shock serpents (Snake:1)
  11 naga sharpshooters
  Nergalle (D:11)
  Sonja (Lair:1)
  2 fire crabs (Lair:6)
  2 salamander mystics
  3 naga ritualists
  A deep elf archer (Volcano)
  A lindwurm (Lair:3)
  2 orc knights
  5 mana vipers
  A wolf spider (Lair:5)
  7 deep elf pyromancers (Volcano)
  4 orc sorcerers (Orc:2)
  2 cyclopes
  3 manticores
  8 salamanders
  30 black mambas
  10 naga magi
  A guardian serpent (Snake:1)
  Joseph (Lair:1)
  5 elephants (Lair:4)
  3 molten gargoyles (Lair:6)
  Maggie (D:10)
  3 rime drakes
  10 cane toads
  A kobold demonologist (D:8)
  8 komodo dragons
  2 trolls (Orc:2)
  A polar bear (Lair:4)
  A wind drake (Lair:2)
  A hornet (D:6)
  Prince Ribbit (D:9)
  Grinder (D:4)
  A dream sheep (Lair:6)
  20 blink frogs
  3 shadows
  29 yaks
  13 wyverns
  9 basilisks
  6 fire elementals (Volcano)
  3 steam dragons
  2 vampire mosquitoes (D:11)
  27 nagas
  4 wargs (Orc:2)
  2 acid dragons
  9 hell hounds
  13 water moccasins
  25 orc warriors
  2 ice beasts
  5 black bears
  3 sky beasts
  5 ogres
  A necrophage (D:8)
  13 wolves
  9 centaurs
  15 bullfrogs
  3 kobold brigands
  A wyvern zombie (D:6)
  A water moccasin zombie (D:5)
  2 scorpions
  2 water moccasin skeletons
  13 killer bees
  5 wights (D:10)
  5 lava snakes (Lair:6)
  8 centaur zombies
  23 orc priests
  2 hounds (D:6)
  A jelly (D:6)
  A centaur skeleton (D:4)
  5 iguanas
  Jessica (D:2)
  2 gnoll shamans (D:3)
  26 orc wizards
  Natasha (thrice) (D:2)
  6 hell rats (Lair:2)
  A killer bee zombie (D:9)
  A hound skeleton (D:5)
  A howler monkey zombie (D:7)
  15 gnolls
  4 adders
  4 white imps
  2 ufetubi
  An adder zombie (D:5)
  2 worms (D:3)
  2 dart slugs (D:2)
  85 orcs
  A bat (D:2)
  5 endoplasms
  2 giant cockroaches
  5 goblins
  10 hobgoblins
  5 jackals (D:4)
  A quokka (D:1)
  3 ball pythons
  8 kobolds
  4 rats
657 creatures vanquished.

Vanquished Creatures (others)
  A deep elf pyromancer (Volcano)
  An orc wizard (D:8)
  64 fungi
  72 plants
138 creatures vanquished.

Grand Total: 795 creatures vanquished

Table legend:
 A = Non-vault XP
 B = Vault XP
 C = Vault XP percentage of total XP
 D = Non-vault monster count
 E = Vault monster count
 F = Vault count percentage of total count
                 A         B        C        D         E       F
            +---------+---------+-------+---------+---------+-------
      Total |   96387 |   46287 |  32.4 |     470 |     188 |  28.6
            +---------+---------+-------+---------+---------+-------
        D:1 |      30 |       0 |   0.0 |      18 |       0 |   0.0
        D:2 |     114 |      75 |  39.7 |       9 |       4 |  30.8
        D:3 |     209 |       5 |   2.3 |      17 |       2 |  10.5
        D:4 |     558 |     267 |  32.4 |      22 |       1 |   4.3
        D:5 |     684 |     104 |  13.2 |      16 |       2 |  11.1
        D:6 |    1247 |       0 |   0.0 |      24 |       0 |   0.0
        D:7 |     778 |       0 |   0.0 |      14 |       0 |   0.0
        D:8 |    3952 |       0 |   0.0 |      28 |       0 |   0.0
        D:9 |    1854 |    2128 |  53.4 |      22 |       5 |  18.5
       D:10 |    2975 |     415 |  12.2 |      20 |       1 |   4.8
       D:11 |    3876 |    2039 |  34.5 |      14 |      11 |  44.0
     Lair:1 |     840 |    1441 |  63.2 |       4 |       4 |  50.0
     Lair:2 |    4509 |    1205 |  21.1 |      28 |       5 |  15.2
     Lair:3 |    3434 |       0 |   0.0 |      12 |       0 |   0.0
     Lair:4 |    3142 |     345 |   9.9 |       9 |       2 |  18.2
     Lair:5 |    5262 |    8450 |  61.6 |      20 |      20 |  50.0
     Lair:6 |    9167 |    7821 |  46.0 |      27 |      35 |  56.5
    Snake:1 |   21700 |       0 |   0.0 |      44 |       0 |   0.0
    Snake:2 |   20182 |    5099 |  20.2 |      45 |       4 |   8.2
    Snake:3 |    4389 |       0 |   0.0 |       8 |       0 |   0.0
      Orc:1 |    2487 |       0 |   0.0 |      29 |       0 |   0.0
      Orc:2 |    4998 |    8889 |  64.0 |      40 |      71 |  64.0
    Volcano |       0 |    7057 | 100.0 |       0 |      20 | 100.0
      Arena |       0 |     947 | 100.0 |       0 |       1 | 100.0
            +---------+---------+-------+---------+---------+-------

Illustrated notes

Table legend:
 A = Kills in this place as a percentage of kills in entire the game.
 B = Kills by you in this place as a percentage of kills by you in the entire game.
 C = Kills by friends in this place as a percentage of kills by friends in the entire game.
 D = Other kills in this place as a percentage of other kills in the entire game.
 E = Experience gained in this place as a percentage of experience gained in the entire game.
 F = Experience gained in this place divided by the number of levels of this place that you have seen.
                   A       B       C       D       E      F
               +-------+-------+-------+-------+-------+----------------------
         Total | 100.0 | 100.0 |   N/A | 100.0 | 100.0 | 5707.0
       Dungeon |  35.0 |  35.0 |   N/A |   0.0 |  14.9 | 1937.3
          Lair |  25.2 |  25.3 |   N/A |   0.0 |  32.0 | 7602.7
     Snake Pit |  15.3 |  15.4 |   N/A |   0.0 |  36.0 | 17123.3
  Orcish Mines |  21.3 |  21.3 |   N/A |   0.0 |  11.5 | 8187.0
       Volcano |   3.0 |   2.9 |   N/A | 100.0 |   4.9 | 7057.0
         Arena |   0.2 |   0.2 |   N/A |   0.0 |   0.7 | 947.0
               +-------+-------+-------+-------+-------+----------------------

Table legend: (Time is in decaauts)
 A = Elapsed time spent in this place.
 B = Non-inter-level travel time spent in this place.
 C = Inter-level travel time spent in this place.
 D = Time resting spent in this place.
 E = Time spent auto-exploring this place.
 F = Levels seen in this place.
 G = Mean time per level.
                   A        B        C        D        E       F      G
               +--------+--------+--------+--------+--------+-----+--------+
         Total |  34024 |  30510 |   3514 |   9370 |  15595 |  25 | 1361.0 |
       Dungeon |  14723 |  13753 |    970 |   2849 |   8848 |  11 | 1338.5 |
        Temple |     59 |     52 |      7 |      0 |     37 |   1 |   59.0 |
          Lair |   8190 |   7517 |    673 |   1534 |   4629 |   6 | 1365.0 |
     Snake Pit |   7055 |   5446 |   1609 |   3550 |    801 |   3 | 2351.7 |
  Orcish Mines |   3370 |   3116 |    254 |   1094 |   1266 |   2 | 1685.0 |
       Volcano |    598 |    598 |      0 |    324 |     14 |   1 |  598.0 |
         Arena |     25 |     25 |      0 |     18 |      0 |   1 |   25.0 |
               +--------+--------+--------+--------+--------+-----+--------+

Top non-repeatable levels by time:
 Snake:1: 4079 daAuts
 Snake:2: 2739 daAuts
   Orc:2: 2679 daAuts
  Lair:6: 2289 daAuts
     D:9: 1954 daAuts
     D:2: 1655 daAuts
  Lair:5: 1589 daAuts
     D:5: 1526 daAuts
     D:8: 1453 daAuts
     D:6: 1446 daAuts
    D:10: 1418 daAuts
    D:11: 1352 daAuts
     D:3: 1219 daAuts
  Lair:3: 1203 daAuts
  Lair:2: 1183 daAuts
